[Event "Titled Tuesday Blitz March 28 Early 2023"]
[White "Pulpan, Jakub"]
[Black "Ahmadzada, Ahmad"]
[WhiteFideId "302759"]
[BlackFideId "13413007"]
[WhiteElo "2484"]
[BlackElo "2388"]
[Result "1-0"]
[Round "06"]
[TimeControl "180+2"]
[Date "2023.03.28"]
[WhiteClock "0:01:55"]
[BlackClock "0:01:49"]

1. c4 a6 2. Nc3 c5 3. e3 b6 4. d4 e6 5. Nf3 Nf6 6. b3 Bb7 7. Bb2 Be7 8. Be2 O-O 9. O-O d6 10. Rc1 Nbd7 11. Qd2 Re8 12. Rfd1 Bf8 13. h3 Qc7 14. Ne1 Rad8 15. Bf3 g6 16. Bxb7 Qxb7 17. Qe2 Bg7 18. Qf3 Qc7 19. Qe2 Nh5 20. Nf3 f5 21. dxc5 bxc5 22. Na4 Ndf6 23. Nd2 Qf7 24. g4 g5 25. gxh5 g4 26. Bxf6 Bxf6 27. hxg4 Kh8 28. f4 fxg4 29. Ne4 1-0


[Site "https://www.chess.com"]

[Event "Titled Tuesday Blitz March 28 Early 2023"]
[White "Ozen, Deniz"]
[Black "Bitoon, Richard"]
[WhiteFideId "6349196"]
[BlackFideId "5201110"]
[WhiteElo "2303"]
[BlackElo "2374"]
[Result "1-0"]
[Round "06"]
[TimeControl "180+2"]
[Date "2023.03.28"]
[WhiteClock "0:00:05"]
[BlackClock "0:00:03"]

1. d4 Nf6 2. Bf4 d6 3. Nc3 Nbd7 4. Nf3 c5 5. d5 Qa5 6. Bd2 b5 7. a3 a6 8. e4 Qc7 9. Bf4 b4 10. axb4 cxb4 11. Na2 Nxe4 12. Nxb4 Qb6 13. Qd4 Qxd4 14. Nxd4 g5 15. Be3 Bg7 16. c3 h6 17. Bd3 Nec5 18. Be2 O-O 19. O-O Bb7 20. Nbc6 Rfe8 21. Nf5 Bf8 22. c4 e6 23. Nfd4 Nf6 24. Na5 exd5 25. b4 Nce4 26. Nxb7 Reb8 27. Na5 Rxb4 28. Nac6 Rb2 29. cxd5 Nxd5 30. Bf3 Nef6 31. Rfb1 Rxb1+ 32. Rxb1 a5 33. Nb5 Rc8 34. Nxa5 Nxe3 35. fxe3 Rc5 36. Nb7 Re5 37. N7xd6 Rxe3 38. h3 h5 39. Nf5 Re5 40. g4 hxg4 41. hxg4 Bc5+ 42. Kg2 Re8 43. Nc7 Rd8 44. Rd1 Rc8 45. Na6 Bf8 46. Rd2 Rc3 47. Nb8 Bb4 48. Re2 Rd3 49. Nc6 Bc3 50. Ne5 Rd8 51. Ne7+ 1-0


[Site "https://www.chess.com"]

[Event "Titled Tuesday Blitz March 28 Early 2023"]
[White "Samant Aditya S"]
[Black "Rustemov, Alexander"]
[WhiteFideId "35080580"]
[BlackFideId "4119002"]
[WhiteElo "2362"]
[BlackElo "2865"]
[Result "0-1"]
[Round "06"]
[TimeControl "180+2"]
[Date "2023.03.28"]
[WhiteClock "0:00:02"]
[BlackClock "0:00:35"]

1. Nf3 d5 2. b3 Nf6 3. Bb2 Bf5 4. e3 h6 5. d3 e6 6. Nbd2 Be7 7. g3 O-O 8. Bg2 c5 9. O-O Nc6 10. h3 Qc7 11. Qe2 Rfd8 12. e4 Bh7 13. a3 Rac8 14. Rac1 b5 15. Rfe1 a5 16. exd5 Nxd5 17. Ne4 Qb6 18. c4 Nc7 19. Ba1 b4 20. a4 Rd7 21. Rcd1 Rcd8 22. Qb2 f6 23. Qe2 e5 24. Nh4 Ne6 25. Qg4 Ned4 26. Qh5 Bf8 27. Ng6 Nxb3 28. Bb2 Ncd4 29. Nxf8 Rxf8 30. h4 Qc7 31. Nd2 Nxd2 32. Rxd2 Rfd8 33. Rdd1 Kh8 34. Re3 Qd6 35. Kh2 Qf8 36. Bd5 Qe8 37. Qg4 Bf5 0-1


[Site "https://www.chess.com"]

[Event "Titled Tuesday Blitz March 28 Early 2023"]
[White "Matinian, Nikita"]
[Black "Pichot, Alan"]
[WhiteFideId "24129100"]
[BlackFideId "110973"]
[WhiteElo "2422"]
[BlackElo "2573"]
[Result "0-1"]
[Round "06"]
[TimeControl "180+2"]
[Date "2023.03.28"]
[WhiteClock "0:00:03"]
[BlackClock "0:00:16"]

1. e4 c5 2. Nf3 e6 3. d4 cxd4 4. Nxd4 Nc6 5. Nc3 Qc7 6. Be3 a6 7. Be2 Nf6 8. O-O Be7 9. f4 d6 10. Kh1 O-O 11. Qe1 Nxd4 12. Bxd4 b5 13. a3 Bb7 14. Qg3 Bc6 15. Bd3 Qb7 16. Rae1 b4 17. axb4 Qxb4 18. Bxf6 Bxf6 19. e5 dxe5 20. fxe5 Bh4 21. Qh3 h6 22. Re3 Bg5 23. Rg3 Qh4 24. Qxh4 Bxh4 25. Rg4 Be7 26. Ne4 Kh8 27. h4 a5 28. b3 a4 29. bxa4 Rxa4 30. h5 Ra5 31. Nd6 Bxd6 32. exd6 Rxh5+ 33. Kg1 Rd5 34. Bg6 Kg8 35. Rgf4 Be8 36. Bd3 Rxd6 37. g4 f6 38. Kh2 e5 39. Rb4 Bd7 40. Kg3 Be6 41. Ra1 Rfd8 42. Ra7 Rd4 43. Rxd4 Rxd4 44. Ra8+ Kf7 45. Ra7+ Kf8 46. Ra8+ Ke7 47. Ra7+ Rd7 48. Ra6 Rc7 49. Kh4 Rd7 50. Kh5 Bf7+ 51. Kh4 g5+ 52. Kg3 h5 53. gxh5 Bxh5 54. Bf5 Rc7 55. Re6+ Kf7 56. Rb6 Bg6 57. Be6+ Kg7 58. c4 Bf7 59. Bd5 Bxd5 60. cxd5 Rc3+ 61. Kg4 Kg6 62. d6 f5# 0-1


[Site "https://www.chess.com"]

[Event "Titled Tuesday Blitz March 28 Early 2023"]
[White "Ozen, Bahadir"]
[Black "Lewtak, Damian"]
[WhiteFideId "6337058"]
[BlackFideId "1141724"]
[WhiteElo "2503"]
[BlackElo "2302"]
[Result "1-0"]
[Round "06"]
[TimeControl "180+2"]
[Date "2023.03.28"]
[WhiteClock "0:00:12"]
[BlackClock "0:00:04"]

1. h3 d5 2. c3 Nf6 3. Nf3 Bf5 4. Qb3 Qc8 5. d4 Nbd7 6. c4 dxc4 7. Qxc4 e6 8. Nc3 c5 9. g4 Bg6 10. Bg2 cxd4 11. Qxc8+ Rxc8 12. Nxd4 Nc5 13. O-O Nfe4 14. Nxe4 Bxe4 15. Be3 Bxg2 16. Kxg2 Be7 17. Rac1 O-O 18. Nb5 a6 19. Na7 Ra8 20. Bxc5 Bxc5 21. Rxc5 Rxa7 22. Rc7 Rfa8 23. Rd1 g6 24. Rdd7 Rf8 25. g5 a5 26. Kf3 a4 27. Kg4 Ra5 28. Rxb7 Rf5 29. f3 h6 30. h4 hxg5 31. hxg5 Ra5 32. e3 Kg7 33. Re7 Ra6 34. Kg3 Rd6 35. f4 Kg8 36. Kf3 Rd2 37. Ke4 a3 38. bxa3 Rxa2 39. Ra7 Ra1 40. Ke5 Re1 41. Kf6 Rxe3 42. Rxf7 Rxf7+ 43. Rxf7 Rxa3 44. Kxg6 Ra6 45. Rf6 Ra7 46. Rxe6 Rg7+ 47. Kf5 Rh7 48. Rg6+ Kf7 49. Ra6 Rh1 50. Ra7+ Kg8 51. Ra8+ Kg7 52. Ra7+ Kh8 53. g6 Rc1 54. Kg5 Rc6 55. Kh6 Rc8 56. f5 Kg8 57. Rg7+ Kh8 58. Rh7+ Kg8 59. f6 Rf8 60. Rg7+ Kh8 61. Rh7+ Kg8 62. f7+ Rxf7 63. Rxf7 Kh8 64. Rf8# 1-0


[Site "https://www.chess.com"]

[Event "Titled Tuesday Blitz March 28 Early 2023"]
[White "Martinez Ramirez, Lennis"]
[Black "Kezin, Roman"]
[WhiteFideId "3509079"]
[BlackFideId "24124621"]
[WhiteElo "2439"]
[BlackElo "2497"]
[Result "0-1"]
[Round "06"]
[TimeControl "180+2"]
[Date "2023.03.28"]
[WhiteClock "0:00:28"]
[BlackClock "0:00:37"]

1. c4 b6 2. e4 Bb7 3. Nc3 c5 4. g3 Nc6 5. Bg2 g6 6. h4 h6 7. h5 g5 8. Nge2 Bg7 9. d3 g4 10. Nf4 Nf6 11. e5 Ng8 12. e6 dxe6 13. Qxg4 Nf6 14. Qxg7 Rh7 15. Nxe6 Qd6 16. Qxh7 Nxh7 17. Ng7+ Kf8 18. Nf5 Qe6+ 19. Ne3 Rd8 20. Nd5 Nd4 21. O-O Qe5 22. g4 e6 23. f4 Ne2+ 24. Kf2 Nxf4 25. Nxf4 Qxf4+ 26. Ke2 Qc7 27. Bxb7 Qxb7 28. Bd2 Qd7 29. Rad1 Qxd3+ 30. Kf2 Qe4 31. Bc3 Rxd1 32. Rxd1 Ng5 33. Rd8+ Ke7 34. Rh8 Qf3+ 0-1


[Site "https://www.chess.com"]

[Event "Titled Tuesday Blitz March 28 Early 2023"]
[White "Araujo Sanchez, Josue"]
[Black "Kilic, Eray"]
[WhiteFideId "6416896"]
[BlackFideId "44517173"]
[WhiteElo "2416"]
[BlackElo "2328"]
[Result "1-0"]
[Round "06"]
[TimeControl "180+2"]
[Date "2023.03.28"]
[WhiteClock "0:01:26"]
[BlackClock "0:01:16"]

1. c4 e5 2. Nc3 Nc6 3. g3 g6 4. Bg2 Bg7 5. e4 Nge7 6. Nge2 O-O 7. O-O d6 8. d3 f5 9. exf5 gxf5 10. f4 Ng6 11. Be3 Be6 12. Qd2 Qd7 13. Nd5 Rae8 14. Rae1 Kh8 15. Bf2 Bxd5 16. cxd5 Nce7 17. Rc1 c6 18. dxc6 Nxc6 19. b4 a6 20. a3 d5 21. fxe5 Ncxe5 22. Nc3 d4 23. Nd5 Ng4 24. Rc7 Qd6 25. Rxg7 Kxg7 26. Bxd4+ Kg8 27. Bc5 Qe5 28. d4 Qe2 29. Qxe2 Rxe2 30. Bxf8 Nxf8 31. Rxf5 Ne6 32. Bf3 Re1+ 33. Kg2 Ne3+ 34. Nxe3 Rxe3 35. Re5 Rxe5 36. dxe5 Nd8 37. Bd5+ Kf8 38. Kf3 Ke7 39. Ke4 b6 40. Kf5 b5 41. g4 Kf8 42. Kf6 Ke8 43. e6 1-0


[Site "https://www.chess.com"]

[Event "Titled Tuesday Blitz March 28 Early 2023"]
[White "Vadim_Galchenko"]
[Black "Flores, Diego"]
[BlackFideId "108049"]
[WhiteElo "2339"]
[BlackElo "2606"]
[Result "0-1"]
[Round "06"]
[TimeControl "180+2"]
[Date "2023.03.28"]
[WhiteClock "0:00:08"]
[BlackClock "0:00:50"]

1. e4 c5 2. a3 e6 3. b4 d5 4. exd5 exd5 5. bxc5 Bxc5 6. d4 Bd6 7. Bd3 Nc6 8. Ne2 Nge7 9. O-O O-O 10. h3 Bf5 11. c3 Rc8 12. Bf4 Na5 13. Bxd6 Qxd6 14. Bxf5 Nxf5 15. Qd3 g6 16. Nd2 Rfe8 17. Rfe1 Re7 18. Nf3 Nc4 19. g4 Nfe3 20. Ne5 f6 21. Nxc4 Nxc4 22. Ng3 Rce8 23. Rxe7 Rxe7 24. a4 Qf4 25. Rf1 Nd2 26. Rd1 Nf3+ 27. Kg2 Nh4+ 28. Kg1 Nf3+ 29. Kf1 Kg7 30. a5 a6 31. Rc1 Qxc1+ 0-1


[Site "https://www.chess.com"]

[Event "Titled Tuesday Blitz March 28 Early 2023"]
[White "Naroditsky, Daniel"]
[Black "Vaibhav Jayant Raut"]
[WhiteFideId "2026961"]
[BlackFideId "5089034"]
[WhiteElo "2633"]
[BlackElo "2156"]
[Result "1-0"]
[Round "06"]
[TimeControl "180+2"]
[Date "2023.03.28"]
[WhiteClock "0:01:30"]
[BlackClock "0:00:06"]

1. d4 Nf6 2. Nc3 d5 3. Bf4 e6 4. e3 Bd6 5. Nf3 O-O 6. Bd3 c5 7. dxc5 Bxf4 8. exf4 Qc7 9. Qd2 Qxc5 10. O-O Nc6 11. Ne2 Bd7 12. Ned4 Nxd4 13. Nxd4 Rac8 14. c3 Rfe8 15. Rfe1 Kf8 16. Re5 b5 17. Nc2 Bc6 18. Rae1 g6 19. h3 Nd7 20. R5e2 Kg7 21. Nd4 b4 22. f5 e5 23. f6+ Nxf6 24. Rxe5 Rxe5 25. Rxe5 Bd7 26. Ne2 bxc3 27. bxc3 h6 28. Qf4 Be6 29. Re3 Qc7 30. Bxg6 Qxf4 31. Nxf4 d4 32. cxd4 Rc1+ 33. Kh2 Bxa2 34. Ra3 Bc4 35. Rxa7 Rd1 36. Bf5 Rxd4 37. Ne6+ Bxe6 38. Bxe6 Ne4 39. Rxf7+ Kg6 40. Rf4 Kg5 41. g3 Kh5 42. Bf7+ Kg5 43. h4# 1-0


[Site "https://www.chess.com"]

[Event "Titled Tuesday Blitz March 28 Early 2023"]
[White "Erigaisi Arjun"]
[Black "Kim, Sergey"]
[WhiteFideId "35009192"]
[BlackFideId "13700570"]
[WhiteElo "2737"]
[BlackElo "2624"]
[Result "1-0"]
[Round "06"]
[TimeControl "180+2"]
[Date "2023.03.28"]
[WhiteClock "0:02:21"]
[BlackClock "0:01:18"]

1. b3 Nf6 2. Bb2 g6 3. g3 Bg7 4. Bg2 O-O 5. Nf3 d6 6. d4 e5 7. dxe5 Nfd7 8. c4 dxe5 9. Nc3 Nc6 10. Qd2 Nc5 11. Rd1 Qxd2+ 12. Nxd2 Nb4 13. O-O c6 14. a3 Nba6 15. b4 Ne6 16. Nce4 Nd4 17. e3 Ne6 18. c5 Nac7 19. Nd6 a5 20. N2c4 axb4 21. axb4 Ra2 22. Bxe5 Rc2 23. Bxg7 Kxg7 24. Nb6 1-0


[Site "https://www.chess.com"]

[Event "Titled Tuesday Blitz March 28 Early 2023"]
[White "Daneshvar, Bardiya"]
[Black "Gontcharov, Vladislav"]
[WhiteFideId "12576468"]
[BlackFideId "4123492"]
[WhiteElo "2468"]
[BlackElo "2470"]
[Result "1/2-1/2"]
[Round "06"]
[TimeControl "180+2"]
[Date "2023.03.28"]
[WhiteClock "0:00:26"]
[BlackClock "0:00:28"]

1. b3 d5 2. Bb2 Bf5 3. d3 e6 4. Nd2 Nf6 5. e4 dxe4 6. dxe4 Nxe4 7. Bd3 Nd6 8. Bxf5 Nxf5 9. Ngf3 c6 10. O-O Nd7 11. Nc4 Nb6 12. Na5 Nd5 13. Nxb7 Qb6 14. c4 Qxb7 15. cxd5 cxd5 16. Nd4 Nxd4 17. Bxd4 f6 18. Re1 Kf7 19. Qh5+ g6 20. Qf3 Bg7 21. h4 Rhe8 22. h5 Qe7 23. Rac1 Rac8 24. Qe3 a6 25. h6 Bf8 26. f4 Qd7 27. Bb2 Rxc1 28. Rxc1 Rc8 29. Rxc8 Qxc8 30. Qa7+ Be7 31. Ba3 Qd8 32. Qxa6 d4 33. Qa7 d3 34. Bxe7 Qxe7 35. Qd4 Qc7 36. Qxd3 Qc1+ 37. Qf1 Qe3+ 38. Qf2 Qc1+ 39. Kh2 Ke8 40. b4 g5 41. fxg5 Qxg5 42. Qc2 Qxh6+ 43. Kg1 Qe3+ 44. Qf2 Qc1+ 45. Kh2 Qh6+ 46. Kg1 Qc1+ 47. Qf1 Qe3+ 48. Kh1 Qh6+ 49. Kg1 Qe3+ 50. Qf2 Qc1+ 1/2-1/2


[Site "https://www.chess.com"]

[Event "Titled Tuesday Blitz March 28 Early 2023"]
[White "Richter, Nils"]
[Black "Gukesh D"]
[WhiteFideId "12990809"]
[BlackFideId "46616543"]
[WhiteElo "2381"]
[BlackElo "2612"]
[Result "0-1"]
[Round "06"]
[TimeControl "180+2"]
[Date "2023.03.28"]
[WhiteClock "0:00:24"]
[BlackClock "0:00:50"]

1. e4 c5 2. Nf3 Nc6 3. Bb5 g6 4. Bxc6 dxc6 5. d3 Bg7 6. Nc3 e5 7. Qe2 Ne7 8. Be3 b6 9. a3 O-O 10. b4 f5 11. bxc5 f4 12. Bd2 h6 13. h4 Bg4 14. cxb6 axb6 15. a4 c5 16. Nb5 Nc6 17. Bc3 Qd7 18. Qd2 Kh7 19. Nh2 Be6 20. Nf3 Nd4 21. Bxd4 cxd4 22. O-O Bf6 23. c3 dxc3 24. Qxc3 Rac8 25. Qb2 Qxd3 26. Rfd1 Qxe4 27. Rd6 Rc2 28. Qb1 Bf5 29. a5 Qe2 30. Qf1 Qxf1+ 31. Kxf1 bxa5 32. Rxa5 Rf7 33. Ra7 Rxa7 34. Nxa7 Kg7 35. Nc6 Bg4 36. Ke1 e4 37. Ncd4 exf3 38. gxf3 Bxd4 39. fxg4 Bxf2+ 40. Kf1 Bxh4 0-1


[Site "https://www.chess.com"]

[Event "Titled Tuesday Blitz March 28 Early 2023"]
[White "Durarbayli, Vasif"]
[Black "Alex_Sahakyan2006"]
[WhiteFideId "13402935"]
[WhiteElo "2543"]
[BlackElo "2595"]
[Result "1-0"]
[Round "06"]
[TimeControl "180+2"]
[Date "2023.03.28"]
[WhiteClock "0:01:12"]
[BlackClock "0:00:50"]

1. e4 Nc6 2. Nc3 d6 3. d4 g6 4. Be3 Nf6 5. d5 Nb8 6. h3 c6 7. Qd2 h5 8. O-O-O Qc7 9. Nf3 a6 10. dxc6 bxc6 11. e5 dxe5 12. Nxe5 Bg7 13. Bf4 Qd6 14. Qxd6 exd6 15. Rxd6 O-O 16. Bc4 Bf5 17. Re1 Nfd7 18. Nxf7 Rxf7 19. Re7 1-0


[Site "https://www.chess.com"]

[Event "Titled Tuesday Blitz March 28 Early 2023"]
[White "Jia, Haoxiang"]
[Black "Rakhmanov, Aleksandr"]
[WhiteFideId "8602999"]
[BlackFideId "4173708"]
[WhiteElo "2596"]
[BlackElo "2530"]
[Result "1/2-1/2"]
[Round "06"]
[TimeControl "180+2"]
[Date "2023.03.28"]
[WhiteClock "0:00:38"]
[BlackClock "0:00:07"]

1. d4 Nf6 2. c4 d6 3. g3 e5 4. Bg2 exd4 5. Qxd4 Nc6 6. Qd1 Be6 7. b3 d5 8. cxd5 Bb4+ 9. Bd2 Bxd5 10. Nf3 Bc5 11. O-O Ne4 12. Nc3 O-O 13. Nxd5 Qxd5 14. Ng5 Qxd2 15. Nxe4 Qxd1 16. Rfxd1 Bb6 17. e3 Rad8 18. Kf1 Rfe8 19. Nc3 Nb4 20. Ke2 c6 21. a3 Na6 22. b4 Nc7 23. Na4 Nb5 24. Rxd8 Rxd8 25. Nxb6 axb6 26. a4 Nc3+ 27. Kf3 f5 28. Bf1 Rd2 29. a5 Ne4 30. Kf4 g6 31. f3 Nc3 32. axb6 Kg7 33. Ra7 Kf6 34. g4 g5+ 35. Kg3 Rd1 36. Bc4 Rg1+ 37. Kf2 Rc1 38. Bd3 fxg4 39. fxg4 Nd5 40. Rxb7 Rc3 41. Rd7 Nxb6 42. Rd6+ Ke5 43. Rd8 Nd5 44. Bxh7 Nxe3 45. h3 Nd5 46. Re8+ Kd6 47. Rg8 Nf4 48. Bf5 Nxh3+ 49. Ke2 Rb3 50. Rg6+ Kc7 51. Rg7+ Kb6 52. Bd7 Rxb4 53. Ke3 Kc5 54. Rg6 Rb3+ 55. Ke4 Rb6 56. Rh6 Nf4 57. Kf5 Kd5 58. Kxg5 Ne2 59. Rh2 Nd4 60. Kh5 c5 61. g5 Rb8 62. Rf2 Kd6 63. Ba4 Rh8+ 64. Kg6 c4 65. Kg7 Ra8 66. Bd1 Ra7+ 67. Kh6 c3 68. g6 Ke5 69. g7 Ra8 70. Rf8 Ra6+ 71. Kh7 Ra7 72. Re8+ Kf6 73. Rf8+ Ke5 74. Kh8 Rxg7 75. Kxg7 Ne6+ 76. Kf7 Nxf8 77. Kxf8 Kd4 78. Bc2 Ke3 79. Ke7 Kd2 80. Ba4 c2 81. Bxc2 1/2-1/2


[Site "https://www.chess.com"]

[Event "Titled Tuesday Blitz March 28 Early 2023"]
[White "Bodnaruk, Anastasia"]
[Black "Costachi, Mihnea"]
[WhiteFideId "4181751"]
[BlackFideId "1217518"]
[WhiteElo "2310"]
[BlackElo "2456"]
[Result "1-0"]
[Round "06"]
[TimeControl "180+2"]
[Date "2023.03.28"]
[WhiteClock "0:00:06"]
[BlackClock "0:01:00"]

1. e4 c5 2. Nc3 Nc6 3. Bb5 Nd4 4. Bc4 e6 5. Nge2 d6 6. O-O Nf6 7. d3 Be7 8. Nxd4 cxd4 9. Ne2 e5 10. c3 dxc3 11. Nxc3 Be6 12. Qb3 Bxc4 13. dxc4 Qc7 14. Bg5 O-O 15. Bxf6 Bxf6 16. Nd5 Qd8 17. Qxb7 Rb8 18. Qxa7 Rxb2 19. a4 Bg5 20. a5 f5 21. exf5 Qc8 22. Qc7 Qxf5 23. Qa7 h5 24. a6 h4 25. h3 Kh7 26. Ne3 Qe4 27. Ng4 Qxc4 28. Qd7 Rbb8 29. a7 Ra8 30. Qxd6 e4 31. Ne5 Qb5 32. Qg6+ Kg8 33. Qxg5 Rfe8 34. f4 Rxa7 35. Rxa7 Qc5+ 36. Kh2 Qxa7 37. Ng4 Qb6 38. Qd5+ Kf8 39. Ne5 Qa6 40. Rd1 Re7 41. Qd8+ Re8 42. Qd5 Qd6 43. Qxd6+ Kg8 44. Qd5+ Kh8 45. Qf7 Ra8 46. Qh5+ Kg8 47. Rd7 Rf8 48. Qg6 Rf7 49. Qxf7+ Kh7 50. Qxg7# 1-0


[Site "https://www.chess.com"]

[Event "Titled Tuesday Blitz March 28 Early 2023"]
[White "Pakleza, Zbigniew"]
[Black "Raahul V S"]
[WhiteFideId "1119290"]
[BlackFideId "25035525"]
[WhiteElo "2410"]
[BlackElo "2168"]
[Result "1-0"]
[Round "06"]
[TimeControl "180+2"]
[Date "2023.03.28"]
[WhiteClock "0:00:06"]
[BlackClock "0:00:05"]

1. d4 d5 2. Bf4 Nf6 3. e3 c5 4. c3 Nc6 5. Nd2 Bf5 6. Ngf3 e6 7. Qb3 Qb6 8. Nh4 c4 9. Qxb6 axb6 10. Nxf5 exf5 11. a3 b5 12. Rc1 Nh5 13. Be5 f6 14. Bc7 Kd7 15. Bg3 Nxg3 16. hxg3 Bd6 17. Be2 Nd8 18. g4 fxg4 19. Bxg4+ Kc6 20. Bf5 h6 21. Kd1 Nf7 22. e4 Rae8 23. exd5+ Kxd5 24. g3 Bc7 25. Bd7 Ra8 26. Rh5+ g5 27. Bxb5 Nd6 28. Bd7 f5 29. g4 Raf8 30. Ke2 Rf7 31. Bxf5 Nxf5 32. gxf5 Re8+ 33. Kf1 Rxf5 34. Re1 Ref8 35. Re2 Bg3 36. f3 g4 37. Rxf5+ Rxf5 38. Kg2 gxf3+ 39. Nxf3 Bd6 40. Re8 h5 41. Rh8 b5 42. Rh6 Be7 43. Kf2 h4 44. Ke3 Rf8 45. Rh5+ Kc6 46. Nxh4 Bxh4 47. Rxh4 Rf1 48. Rh6+ Kd5 49. Rh5+ Kc6 50. Rh6+ Kd5 51. Rb6 Re1+ 52. Kd2 Rb1 53. Rxb5+ Ke4 54. Rb4 Rh1 55. Kc2 Rh2+ 56. Kb1 Kd3 57. a4 Rh1+ 58. Ka2 Rh5 59. Rb5 Rh8 60. a5 Kc2 61. d5 Rh6 62. Ka3 1-0


[Site "https://www.chess.com"]

[Event "Titled Tuesday Blitz March 28 Early 2023"]
[White "Kaidanov, Gregory"]
[Black "Corrales Jimenez, Fidel"]
[WhiteFideId "2008564"]
[BlackFideId "3506690"]
[WhiteElo "2547"]
[BlackElo "2541"]
[Result "1-0"]
[Round "06"]
[TimeControl "180+2"]
[Date "2023.03.28"]
[WhiteClock "0:00:46"]
[BlackClock "0:00:35"]

1. Nf3 d6 2. d4 b6 3. e4 Bb7 4. Bd3 e6 5. O-O h6 6. c4 Ne7 7. Nc3 g5 8. Re1 Bg7 9. Be3 Nd7 10. d5 Ne5 11. Nxe5 Bxe5 12. Qd2 Ng6 13. Ne2 Qf6 14. Rab1 Nh4 15. Rf1 g4 16. Bf4 Rg8 17. Bg3 Nf3+ 18. gxf3 gxf3 19. Nc3 Qh4 20. Kh1 Qh3 21. Rg1 O-O-O 22. Qe3 f5 23. Qxf3 f4 24. Bf1 Qg4 25. Qxg4 Rxg4 26. Bh3 h5 27. f3 fxg3 28. fxg4 gxh2 29. Rgf1 hxg4 30. Bxg4 Kb8 31. Bxe6 Ba6 32. Nb5 Rh8 33. Rf2 Kb7 34. Rf7 Bxb5 35. cxb5 Bd4 36. Rc1 Bc5 37. b4 1-0


[Site "https://www.chess.com"]

[Event "Titled Tuesday Blitz March 28 Early 2023"]
[White "Rastbod, Ali"]
[Black "Urazayev, Arystanbek"]
[WhiteFideId "12567477"]
[BlackFideId "13709810"]
[WhiteElo "2211"]
[BlackElo "2479"]
[Result "0-1"]
[Round "06"]
[TimeControl "180+2"]
[Date "2023.03.28"]
[WhiteClock "0:00:14"]
[BlackClock "0:00:50"]

1. c4 e6 2. Nf3 d5 3. g3 Nf6 4. Bg2 Be7 5. O-O O-O 6. b3 a5 7. Nc3 c6 8. Bb2 Nbd7 9. d4 b6 10. Rc1 Ba6 11. Qd3 b5 12. Nd2 bxc4 13. bxc4 Nb6 14. Qf3 Nxc4 15. Nxc4 Bxc4 16. Na4 Ne4 17. Rfd1 Rb8 18. Ba3 Bb4 19. Qe3 Nd6 20. Bxb4 axb4 21. Nb2 Bxa2 22. Rxc6 Nc4 23. Qc1 Qd7 24. Ra6 Nxb2 25. Qxb2 Bc4 26. Ra5 b3 27. Rc1 Ra8 28. Rxa8 Rxa8 29. Rxc4 dxc4 30. Bxa8 Qa4 31. Be4 f5 32. Bb1 Qb4 33. Qc1 c3 34. Bd3 c2 35. Qa1 Kf7 36. Kg2 Qb7+ 37. d5 Qxd5+ 38. f3 Qc5 39. Bxc2 bxc2 40. Qc1 h6 41. e3 Qc4 42. Kf2 Qd3 43. Qb2 Qd2+ 0-1


[Site "https://www.chess.com"]

[Event "Titled Tuesday Blitz March 28 Early 2023"]
[White "Ashraf, Artin"]
[Black "Dino_Ballecer"]
[WhiteFideId "22514805"]
[WhiteElo "2188"]
[BlackElo "2590"]
[Result "1-0"]
[Round "06"]
[TimeControl "180+2"]
[Date "2023.03.28"]
[WhiteClock "0:00:06"]
[BlackClock "0:00:06"]

1. Nf3 Nf6 2. e3 d5 3. c4 c6 4. Nc3 g6 5. d4 Bg7 6. Bd3 dxc4 7. Bxc4 O-O 8. O-O Bg4 9. h3 Bxf3 10. Qxf3 Nbd7 11. Rd1 e5 12. d5 cxd5 13. Nxd5 Rc8 14. Bb3 e4 15. Nxf6+ Nxf6 16. Rxd8 exf3 17. Rxf8+ Kxf8 18. gxf3 Nd7 19. Rb1 Ne5 20. Bd5 b6 21. Bd2 Rd8 22. Bb4+ Kg8 23. Bb7 Rd7 24. Rc1 h5 25. Rc8+ Kh7 26. Be4 f5 27. Ba8 Nd3 28. Bc3 Nxb2 29. Bxg7 Kxg7 30. f4 Na4 31. Bc6 Rd1+ 32. Kg2 Rc1 33. Rc7+ Kh6 34. Rxa7 Nc5 35. Bd5 Nd3 36. Bg8 Ne1+ 37. Kg3 h4+ 38. Kxh4 1-0


[Site "https://www.chess.com"]

[Event "Titled Tuesday Blitz March 28 Early 2023"]
[White "Souleidis, Georgios"]
[Black "Warmerdam, Max"]
[WhiteFideId "4206827"]
[BlackFideId "1048104"]
[WhiteElo "2401"]
[BlackElo "2518"]
[Result "0-1"]
[Round "06"]
[TimeControl "180+2"]
[Date "2023.03.28"]
[WhiteClock "0:00:36"]
[BlackClock "0:00:55"]

1. e4 e5 2. Nc3 Nf6 3. d4 exd4 4. Qxd4 Nc6 5. Qd3 Bc5 6. Bf4 d6 7. Qd2 Be6 8. O-O-O O-O 9. f3 a5 10. g4 a4 11. a3 Nd7 12. Nge2 Nde5 13. Bg2 b5 14. Nd5 Rb8 15. c3 Nc4 16. Qc2 N6a5 17. Nd4 Bxd4 18. cxd4 Bxd5 19. exd5 Qf6 20. Bd2 Nb3+ 21. Kb1 Nbxd2+ 22. Rxd2 Nxd2+ 23. Qxd2 Rb7 24. g5 Qf5+ 25. Ka1 b4 26. axb4 Rfb8 27. Re1 g6 0-1


[Site "https://www.chess.com"]

[Event "Titled Tuesday Blitz March 28 Early 2023"]
[White "Tokhirjonova, Gulrukhbegim"]
[Black "Asadli, Vugar"]
[WhiteFideId "14203626"]
[BlackFideId "13405764"]
[WhiteElo "2268"]
[BlackElo "2598"]
[Result "0-1"]
[Round "06"]
[TimeControl "180+2"]
[Date "2023.03.28"]
[WhiteClock "0:01:29"]
[BlackClock "0:02:11"]

1. e4 c5 2. Nf3 Nc6 3. Nc3 e5 4. Bc4 d6 5. d3 Be7 6. O-O Nf6 7. Ng5 O-O 8. f4 exf4 9. Bxf4 h6 10. Nf3 Be6 11. Bxe6 fxe6 12. e5 dxe5 13. Nxe5 Qd4+ 14. Kh1 Nxe5 15. Nb5 Qd7 16. a4 Nc6 17. Qe1 Nd5 18. Bg3 Rxf1+ 19. Qxf1 Rf8 20. Qe2 a6 21. Nc3 Nd4 22. Qe4 Nxc2 23. Rc1 Ncb4 24. Re1 Nxc3 25. bxc3 Nxd3 0-1


[Site "https://www.chess.com"]

[Event "Titled Tuesday Blitz March 28 Early 2023"]
[White "Dzhumagaliev, Yan"]
[Black "Martic, Ivan"]
[WhiteFideId "24100110"]
[BlackFideId "929301"]
[WhiteElo "2476"]
[BlackElo "2360"]
[Result "1-0"]
[Round "06"]
[TimeControl "180+2"]
[Date "2023.03.28"]
[WhiteClock "0:01:44"]
[BlackClock "0:01:12"]

1. h4 e5 2. h5 d5 3. c3 Nc6 4. d4 Nf6 5. dxe5 Nxe5 6. Bf4 Bd6 7. Nf3 Qe7 8. Nxe5 Bxe5 9. Bxe5 Qxe5 10. Qd4 Qe7 11. h6 g6 12. e3 a6 13. Nd2 c5 14. Qh4 Bf5 15. Be2 O-O 16. O-O Rfe8 17. Bf3 Rad8 18. Rfd1 Bc2 19. Re1 Ne4 20. Qxe7 Rxe7 21. Nf1 Ng5 22. Be2 f5 23. b3 f4 24. exf4 Nf7 25. Bf3 Rxe1 26. Rxe1 Kf8 27. Ne3 Be4 28. Bxe4 dxe4 29. Ng4 Nd6 30. Nf6 Nf5 31. Nxh7+ Kf7 32. Ng5+ Kg8 33. h7+ 1-0


[Site "https://www.chess.com"]

[Event "Titled Tuesday Blitz March 28 Early 2023"]
[White "Ezat, Mohamed"]
[Black "Galchenko, Matvey"]
[WhiteFideId "10600906"]
[BlackFideId "24175480"]
[WhiteElo "2386"]
[BlackElo "2404"]
[Result "0-1"]
[Round "06"]
[TimeControl "180+2"]
[Date "2023.03.28"]
[WhiteClock "0:00:02"]
[BlackClock "0:00:12"]

1. e4 e6 2. Nf3 d5 3. exd5 exd5 4. d4 Nf6 5. Nc3 c6 6. h3 Bd6 7. Bd3 O-O 8. O-O Re8 9. Bg5 Be6 10. Ne2 h6 11. Bh4 Nbd7 12. c3 Qc7 13. Bg3 Ne4 14. Bxe4 dxe4 15. Bxd6 Qxd6 16. Nd2 f5 17. g3 Nf6 18. Nf4 Bf7 19. h4 g5 20. hxg5 hxg5 21. Nh3 e3 22. Nxg5 e2 23. Qc2 exf1=Q+ 24. Rxf1 Qd7 25. Ndf3 Ng4 26. Nh4 Nh6 27. g4 Qe7 28. Qd2 Qf6 29. Qf4 Bc4 30. Rc1 Rf8 31. gxf5 Nxf5 32. Nhf3 Nh6 33. Qc7 Qg7 34. Qg3 Rf5 35. Re1 Raf8 36. Re3 Bd5 37. Re7 Qxe7 38. Ne6+ Kh8 39. Ne5 Qxe6 40. Ng6+ Kh7 41. Nxf8+ Rxf8 0-1


[Site "https://www.chess.com"]